 Dungeon Crawl Stone Soup version 0.30.1-9-gdf580d7c3d (webtiles) character file.

Game seed: 5330220567407235391

413 lonewolfV2 the Trooper (level 7, 0/58 HPs)
             Began as a Formicid Fighter on Oct 23, 2023.
             Slain by a cerulean imp
             ... wielding a +1 spear
             ... summoned by Natasha
              (4 damage)
             ... on level 4 of the Dungeon.
             The game lasted 00:04:10 (2673 turns).

lonewolfV2 the Trooper (Formicid Fighter)           Turns: 2673, Time: 00:04:10

Health: 0/58       AC:  0    Str: 21    XL:     7   Next: 14%
Magic:  7/7        EV: 13    Int:  7    God:
Gold:   186        SH:  0    Dex: 15    Spells: 6/6 levels left

rFire   . . .        a - melded +1 war axe (protect)
rCold   . . .        c - melded +0 buckler
rNeg    . . .        m - melded +0 plate armour
rPois   .            (helmet unavailable)
rElec   .            (cloak currently unavailable)
rCorr   .            (gloves currently unavailable)
SInv    .            (boots currently unavailable)
Will    .....        (no amulet)
Stlth   +            g - melded +6 ring of strength
HPRegen 0.29/turn    (ring currently unavailable)
MPRegen 0.10/turn

%: no passive effects
@: pig-form, very quick
A: fast, no casting, permanent stasis, dig shafts and tunnels, small, (antennae
3), four strong arms
a: no special abilities


You were on level 4 of the Dungeon.
You were a filthy swine.
You visited 1 branch of the dungeon, and saw 4 of its levels.

You collected 186 gold pieces.

Inventory:

Hand Weapons
 a - a +1 war axe of protection (melded)
Armour
 b - a +0 scale mail
 c - a +0 buckler (melded)
 m - a +0 plate armour (melded)
Jewellery
 g - a +6 ring of strength (melded)
Wands
 q - a wand of charming (11)
Scrolls
 e - a scroll of fear
 k - 3 scrolls of blinking
 p - 3 scrolls of identify
Potions
 d - 3 potions of might
 f - 2 potions of degeneration
 h - a potion of curing
 i - a potion of haste
 l - a potion of heal wounds
 n - a potion of invisibility


   Skills:
 + Level 6.2 Fighting
 + Level 5.2 Axes
 - Level 3.2 Armour
 - Level 4.0 Shields


You had 6 spell levels left.
You didn't know any spells.
Your spell library contained the following spells:

 Spells                   Type           Power      Damage    Failure   Level
 Sublimation of Blood     Necr           0%         N/A       56%         2
 Petrify                  Tmut/Erth      0%         N/A       99%         4
 Irradiate                Conj/Tmut      0%         3d11      100%        5


Dungeon Overview and Level Annotations

Branches:
Dungeon (4/15)
 Temple: D:4-7

Altars:
Nemelex Xobeh

Annotations:
D:4 Natasha


Innate Abilities, Weirdness & Mutations

You are a filthy swine.
You move quickly.
Your equipment is almost entirely melded.
You are incapable of wielding weapons or throwing items.
You cannot cast spells.
You cannot be hasted, slowed, berserked, paralysed or teleported.
You can dig through walls and to a lower floor.
((You have a pair of large antennae on your head. (SInv)))
Your four strong arms can wield two-handed weapons with a shield.


Message History

The orc wizard hits you with a +0 dagger.
Unknown command.
You closely miss Natasha. You hit the cerulean imp.
You closely miss the orc wizard.
Natasha zaps a wand.
You turn into a filthy swine.
Your +1 war axe of protection melds into your body.
Your +0 buckler melds into your body.
Your +0 plate armour melds into your body.
Your +6 ring of strength melds into your body.
Your +1 war axe of protection goes still.
You feel weaker.
The cerulean imp hits you from afar with a +1 spear.
Something hits you.
Deactivating autopickup; reactivate with Ctrl-A.
The cerulean imp hits you with a +0 spear.
You hit Natasha.
Natasha is moderately wounded.
Natasha claws you.
The cerulean imp hits you from afar with a +1 spear.
Something hits you.
The cerulean imp hits you with a +0 spear.
* * * LOW HITPOINT WARNING * * *
Unknown command.
You closely miss Natasha.
Natasha is moderately wounded.
Natasha stares at you and mumbles some strange words.
You easily resist.
The cerulean imp hits you from afar with a +1 spear.
* * * LOW HITPOINT WARNING * * *
Something barely misses you. The cerulean imp misses you.
You feel better.
Natasha mumbles some strange words.
The cerulean imp closely misses you. Something hits you.
* * * LOW HITPOINT WARNING * * *
The cerulean imp hits you with a +0 spear.
* * * LOW HITPOINT WARNING * * *
You feel better. Natasha claws you!
* * * LOW HITPOINT WARNING * * *
The cerulean imp hits you from afar with a +1 spear.
You die...

#.##########.#
#.##.........# ..
#.##.....!)))# ...
#.##......).)#
#...###.##...).....#
#.#....5.#.........#
.........#.........#
#.......h#.........#
#.#....{h55.)......#
... ##.#.##.....######
.... #...
#.....#######..>.
###....###............
#.#>.. ###.......)..
#...#. ##......## ##..
.. #)รท....# ...
##.###.....##
#...#.....#


You could see Natasha and 3 cerulean imps.

Vanquished Creatures
  Sigmund (D:4)
  Crazy Yiuf (D:2)
  A gnoll bouda (D:4)
  Natasha (D:4)
  8 gnolls
  An adder (D:4)
  4 worms
  5 orcs
  5 bats
  7 endoplasms
  5 giant cockroaches
  9 goblins
  5 hobgoblins
  4 quokkas
  5 ball pythons
  4 frilled lizards
  7 kobolds
  3 rats
76 creatures vanquished.

Notes
Turn   | Place    | Note
-------+----------+-------------------------------------------
     0 | D:1      | lonewolfV2 the Formicid Fighter began the quest for the
                  | Orb.
     0 | D:1      | Reached XP level 1. HP: 18/18 MP: 1/1
   196 | D:1      | Reached XP level 2. HP: 22/24 MP: 2/2
   323 | D:1      | Reached skill level 4 in Fighting
   323 | D:1      | Reached XP level 3. HP: 23/30 MP: 3/3
   587 | D:1      | Found a faded altar of an unknown god.
  1019 | D:2      | Reached XP level 4. HP: 37/37 MP: 4/4
  1193 | D:2      | Found a runed translucent door.
  1194 | D:2      | Noticed Crazy Yiuf
  1569 | D:2      | Killed Crazy Yiuf
  1570 | D:2      | Reached XP level 5. HP: 25/43 MP: 5/5
  1806 | D:3      | Reached skill level 5 in Fighting
  1922 | D:3      | Identified the +0 ring mail of Dogma {+Inv}
  2140 | D:3      | Found a sparkling altar of Nemelex Xobeh.
  2383 | D:4      | Noticed Natasha
  2403 | D:4      | Killed Natasha
  2446 | D:4      | Reached XP level 6. HP: 47/51 MP: 6/6
  2605 | D:4      | Noticed Sigmund
  2618 | D:4      | Killed Sigmund
  2619 | D:4      | Reached skill level 6 in Fighting
  2619 | D:4      | Reached skill level 5 in Axes
  2619 | D:4      | Reached XP level 7. HP: 48/58 MP: 7/7
  2662 | D:4      | Noticed Natasha
  2673 | D:4      | Slain by a cerulean imp

Illustrated notes

Levels and vault maps discovered:
D:1:      wheals_arrival_linesprint, layout_rooms,
          shapermc_ecumenical_altar_mp_highgroup
D:2:      layout_basic, amcnicky_mini_rare_corridor_liquid,
          uniq_crazy_yiuf_cottage
D:3:      layout_rooms, nemelex_diamond_rough_becter, dk_noncrumbling_2
D:4:      layout_rooms, st_stairs_12, uniq_natasha, uniq_sigmund

Skill      XL: |  1  2  3  4  5  6 |
---------------+-------------------+-----
Fighting       | 4 5 6 |  6.2
Axes           | 3 4 5 |  5.2
Armour         | |  3.2
Shields        | |  4.0

Action                     |  1- 3 |  4- 6 |  7- 9 || total
---------------------------+-------+-------+-------++-------
  Melee: War axe           |    67 |   136 |     7 ||   210
         Unarmed           |       |     5 |     2 ||     7
    Use: Scroll            |     5 |     8 |       ||    13
         Potion            |       |       |     2 ||     2
 Armour: Scale mail        |    24 |       |       ||    24
         Plate armour      |    14 |    98 |     5 ||   117
  Dodge: Dodged            |    32 |    63 |     5 ||   100
  Block: Buckler           |    14 |    43 |       ||    57
